 Dungeon Crawl Stone Soup version 0.30-a0-390-g80c34de (webtiles) character file.

Game seed: 12166338473939831978

5029 Geeful the Thaumaturge (level 10, 0/79 HPs)
             Began as a Mummy Necromancer on Dec 3, 2022.
             Was a Priest of Sif Muna.
             Slain by a troll (12 damage)
             ... on level 8 of the Dungeon on Dec 4, 2022.
             The game lasted 00:40:54 (10263 turns).

Geeful the Thaumaturge (Mummy Necromancer)         Turns: 10263, Time: 00:40:56

Health: 0/79       AC:  6    Str: 24    XL:     10   Next: 30%
Magic:  15/23      EV: 14    Int: 18    God:    Sif Muna [***...]
Gold:   461        SH:  0    Dex: 13    Spells: 23/27 levels left

rFire   x . .      SeeInvis .    a - +6 long sword (protect)
rCold   + . .      Faith    +    (no shield)
rNeg    + + +      Spirit   .    n - +2 robe {Will+}
rPois   ∞          Reflect  .    (no helmet)
rElec   .          Harm     .    s - scarf {repulsion}
rCorr   .          Rampage  .    d - +0 pair of gloves
Will    ++...                    t - +0 pair of boots
Stlth   ++........               (no amulet)
HPRegen 0.33/turn                p - +6 ring of strength
MPRegen 0.18/turn                g - +6 ring of strength

@: repel missiles
A: cold resistance 1, negative energy resistance 3, torment resistance 2, heat
vulnerability 1, in touch with death 1, no potions, faith
a: Renounce Religion, Channel Magic, Forget Spell


You were on level 8 of the Dungeon.
You worshipped Sif Muna.
Sif Muna was most pleased with you.
You visited 2 branches of the dungeon, and saw 10 of its levels.
You also visited: Sewer and Ossuary.

You collected 461 gold pieces.

Inventory:

Hand Weapons
 a - a +6 long sword of protection (weapon)
 b - a +5 great sword of flaming
Missiles
 f - a throwing net
Armour
 d - a +0 pair of gloves (worn)
 n - a +2 robe of willpower (worn)
 s - a scarf of repulsion (worn)
 t - a +0 pair of boots (worn)
Jewellery
 c - a ring of protection from fire
 g - a +6 ring of strength (right hand)
 p - a +6 ring of strength (left hand)
Wands
 h - a wand of flame (41)
 o - a wand of digging (7)
Scrolls
 e - 2 scrolls of identify
 i - a scroll of immolation
 j - 5 scrolls of teleportation
 k - 2 scrolls of magic mapping
 l - a scroll of fear
 m - 2 scrolls of enchant armour
 q - 2 scrolls of amnesia
 r - a scroll of vulnerability


   Skills:
 + Level 7.1 Fighting
 - Level 4.0 Long Blades
 + Level 6.2 Dodging
 - Level 1.5 Stealth
 + Level 9.0 Spellcasting
 + Level 8.3 Necromancy


You had 23 spell levels left.
You knew the following spells:

 Your Spells              Type           Power      Damage    Failure   Level
a - Necrotise             Necr           100%       1d9       1%          1
b - Vampiric Draining     Necr           55%        2d9       1%          3

Your spell library contained the following spells:

 Spells                   Type           Power      Damage    Failure   Level
 Animate Dead             Necr           55%        N/A       2%          4
 Agony                    Necr           55%        N/A       8%          5
 Hailstorm                Conj/Ice       8%         3d4       26%         3
 Vhi's Electric Charge    Tloc/Air       16%        N/A       26%         3
 Arcjolt                  Conj/Air       4%         1d14      94%         5
 Simulacrum               Ice/Necr       17%        N/A       94%         6
 Maxwell's Capacitive Co  Air            4%         ∞         100%        8
 Ice Form                 Ice/Tmut       Unusable   N/A       N/A         4

Dungeon Overview and Level Annotations

Branches:
Dungeon (9/15)             Temple (1/1) D:6           Sewer (visited)
Ossuary (visited)
   Lair: D:8-11         Orc: D:9-12

Altars:
Ashenzari
Cheibriados
Dithmenos
Fedhas
Hepliaklqana
Kikubaaqudgha
Makhleb
Nemelex Xobeh
Okawaru
Qazlal
Ru
Sif Muna
Trog
Uskayaw
Vehumet
Wu Jian
Xom
Yredelemnul

Annotations:
D:1 exclusion: downstairs
D:2 Terence
D:7 exclusion: downstairs
D:8 exclusion: downstairs


Innate Abilities, Weirdness & Mutations

You are immune to poison.
Your flesh is cold resistant. (rC+)
You are immune to negative energy. (rN+++)
You are immune to unholy pain and torment.
You are vulnerable to heat. (rF-)
You are in touch with the powers of death.
You do not drink.
You have a special connection with the divine. (Faith)


Message History

Confirm with . or Enter, or press ? or * to list all spells.
Aiming: Necrotise (safe; 1% risk of failure)
Press: ? - help, Shift-Dir - straight line, f/p - troll
Aim: a troll (heavily wounded, chance to affect: 83%)
You feel a surge of power!
The troll writhes in agony!
The troll bites you but does no damage. The troll claws you. x2
Casting: Necrotise (safe; 1% risk of failure)
Confirm with . or Enter, or press ? or * to list all spells.
Aiming: Necrotise (safe; 1% risk of failure)
Press: ? - help, Shift-Dir - straight line, f/p - troll
Aim: a troll (severely wounded, chance to affect: 83%)
You feel a surge of power!
The troll writhes in agony.
The troll bites you. The troll closely misses you. The troll claws you!
The electric eel shoots out a bolt of lightning at you!
The bolt of electricity hits you! The troll bites you!
The troll closely misses you. The troll claws you but does no damage.
The electric eel shoots out a bolt of lightning at you!
The bolt of electricity hits you!
* * * LOW HITPOINT WARNING * * *
You climb upwards.
Level annotation: exclusion: downstairs
There is a stone staircase leading down here.
Casting: Necrotise (safe; 1% risk of failure)
Confirm with . or Enter, or press ? or * to list all spells.
Aiming: Necrotise (safe; 1% risk of failure)
Press: ? - help, Shift-Dir - straight line, f - troll
Aim: a troll (severely wounded, chance to affect: 83%)
You feel a surge of power!
The troll barely resists.
The troll bites you but does no damage. The troll claws you!
* * * LOW HITPOINT WARNING * * *
The troll closely misses you.
Casting: Necrotise (safe; 1% risk of failure)
Confirm with . or Enter, or press ? or * to list all spells.
Aiming: Vampiric Draining (safe; 1% risk of failure)
Press: ? - help, Shift-Dir - straight line, f/p - troll
Aim: a troll (severely wounded)
You feel a surge of power!
You draw life force from the troll.
You feel life coursing into your body. The troll bites you!
You die...

.# #...#..##.##..#.# #.!..... .##
#.........##....# #.......
..####.....>...##...## #.......
..............###...#### #.......
#.#...........#........###.......
#.#†##........#........#.........
#.#.##........#..................
..#...........#..................
.#####........#.@................
.## ##..........T................
..###.....##....#######.........#
#..#..#.........# #..........##
##...###...#...## #.#####.####
.[..####.....^.# #.# #.#
###..#....##...### #.# #.#
##<....#..#......# ##.# #.#
........#....#...###..# #.#


You could see a troll.

Vanquished Creatures
  Grinder (D:4)
  2 hornets (D:8)
  A wyvern (D:8)
  A steam dragon (D:8)
  7 yaks (D:8)
  2 water moccasins
  3 black bears
  An ogre (D:3)
  An orc warrior (D:8)
  A phantom (D:6)
  2 centaurs
  2 kobold brigands
  5 bullfrogs
  3 scorpions
  4 wights (D:7)
  6 killer bees (D:6)
  4 howler monkeys
  3 jellies
  3 hounds
  2 orc priests
  A gnoll bouda (D:8)
  Jessica (D:3)
  4 iguanas
  4 orc wizards
  4 mummies
  15 adders
  9 gnolls
  5 river rats (Sewer)
  3 shadow imps
  A white imp (D:6)
  7 adder zombies (Ossuary)
  2 dart slugs
  3 worms
  21 orcs
  4 bats
  6 endoplasms
  6 giant cockroaches
  A gnoll zombie (Ossuary)
  5 goblins
  6 hobgoblins
  5 jackals (D:4)
  9 quokkas
  7 ball pythons
  10 frilled lizards
  3 goblin zombies (Ossuary)
  A hobgoblin zombie (Ossuary)
  19 kobolds
  2 kobold zombies (Ossuary)
  3 quokka zombies (Ossuary)
  14 rats
  A rat zombie (Ossuary)
236 creatures vanquished.

Vanquished Creatures (collateral kills)
  A shadow imp (D:7)
  A ball python (D:2)
2 creatures vanquished.

Vanquished Creatures (others)
  5 fungi (D:3)
  8 plants
13 creatures vanquished.

Grand Total: 251 creatures vanquished

Notes
Turn   | Place    | Note
-------+----------+-------------------------------------------
     0 | D:1      | Geeful the Mummy Necromancer began the quest for the Orb.
     0 | D:1      | Reached XP level 1. HP: 13/13 MP: 4/4
   188 | D:1      | Reached XP level 2. HP: 20/20 MP: 2/5
   273 | D:1      | Reached skill level 3 in Spellcasting
   453 | D:1      | Reached skill level 1 in Fighting
   744 | D:1      | Gained mutation: You are in touch with the powers of death.
                  | [Mummy growth]
   744 | D:1      | Reached XP level 3. HP: 20/26 MP: 7/7
   914 | D:2      | Learned a level 3 spell: Vampiric Draining
  1368 | D:2      | Reached XP level 4. HP: 32/32 MP: 5/9
  1449 | D:2      | Noticed Terence
  2009 | D:3      | Noticed Jessica
  2019 | D:3      | Killed Jessica
  2065 | D:3      | Found Emysuci's Armour Shoppe.
  2197 | D:3      | Noticed Grinder
  2516 | D:3      | Reached XP level 5. HP: 38/38 MP: 10/10
  2567 | D:3      | Found a stormy altar of Qazlal.
  2572 | D:3      | Found a blossoming altar of Fedhas.
  2714 | D:3      | Reached skill level 4 in Spellcasting
  3383 | D:4      | Noticed an ogre
  3394 | D:3      | Killed an ogre
  3395 | D:3      | Reached skill level 5 in Necromancy
  3395 | D:3      | Reached XP level 6. HP: 15/46 MP: 1/12
  3536 | D:4      | Killed Grinder
  3537 | D:4      | Reached skill level 5 in Spellcasting
  3593 | D:4      | Reached XP level 7. HP: 52/52 MP: 9/14
  3771 | D:4      | Found a glowing drain.
  3790 | Sewer    | Entered a sewer
  4844 | D:5      | Entered Level 5 of the Dungeon
  5291 | D:5      | Reached skill level 1 in Long Blades
  5332 | D:5      | Found Zipp's Hydra Hut.
  5335 | D:5      | Noticed a five-headed hydra
  5429 | D:5      | Reached skill level 6 in Spellcasting
  5455 | D:5      | Reached XP level 8. HP: 50/60 MP: 12/17
  5898 | D:6      | Found a staircase to the Ecumenical Temple.
  6170 | Temple   | Entered the Ecumenical Temple
  6170 | Temple   | Found a transporter.
  6170 | Temple   | Found a transporter.
  6172 | Temple   | Found a transporter.
  6172 | Temple   | Found a transporter.
  6230 | Temple   | Became a worshipper of Sif Muna the Loreminder
  6387 | D:6      | Reached skill level 5 in Fighting
  6503 | D:6      | Reached skill level 7 in Spellcasting
  7133 | D:7      | Reached XP level 9. HP: 68/68 MP: 19/19
  7174 | D:7      | Reached * piety under Sif Muna
  7684 | D:7      | Reached skill level 5 in Dodging
  8352 | D:7      | Upgraded the game from 0.30-a0-389-g8d7d949 to
                  | 0.30-a0-390-g80c34de
  8413 | D:8      | Found a sand-covered staircase.
  8520 | Ossuary  | Entered an ossuary
  8708 | Ossuary  | Reached ** piety under Sif Muna
  8988 | D:8      | Reached skill level 8 in Spellcasting
  9334 | D:8      | Reached *** piety under Sif Muna
  9401 | D:8      | Identified the +3 leather armour of Ifiusuac {rPois rCorr}
  9505 | D:8      | Reached XP level 10. HP: 77/77 MP: 10/22
 10057 | D:8      | Reached skill level 9 in Spellcasting
 10263 | D:8      | Slain by a troll

Illustrated notes

Levels and vault maps discovered:
D:1:      dpeg_arrival_pond, layout_loops_ring, minmay_misc_feat_tiny,
          minmay_tall_x
D:2:      layout_loops_ring, chequers_garden, kennysheep_generic_room_5,
          uniq_terence
D:3:      layout_basic, grunt_temple_overflow_forces_of_nature, serial_shops,
          nicolae_shop_trees, hangedman_decor_growths, uniq_jessica,
          uniq_grinder
D:4:      layout_loops_cross, gup_sewer_entry_pipe
D:5:      layout_loops_ring, minmay_misc_feat_rows, doesnt_shop_hydraphobe
D:6:      layout_loops_ring, minmay_temple_entry_statues_fountains,
          hangedman_abyss_or_decor_passed
D:7:      layout_gridville
D:8:      layout_rooms, gup_ossuary_entry_pyramid, corexii_leaking_fountain,
          serial_bayou_pond_d
D:9:      layout_long_grid, hellmonk_lair_entry_icy, erik_orc_2, serial_shops,
          nicolae_shop_hallway_plus
Temple:   hellmonk_temple_divided_pantheon

Skill      XL: |  1  2  3  4  5  6  7  8  9 10 |
---------------+-------------------------------+-----
Spellcasting   | 3 4 5 6 7 8 9 |  9.0
Fighting       | 1 2 3 4 5 6 7 |  7.1
Dodging        | 2 3 4 5 6 |  6.2
Necromancy     | 5 6 7 8 |  8.3
Long Blades    | 1 2 4 |  4.0
Stealth        | |  1.5

Action                   |  1- 3 |  4- 6 |  7- 9 | 10-12 || total
-------------------------+-------+-------+-------+-------++-------
Melee: Short sword       |    88 |    48 |       |       ||   136
       Long sword        |       |    56 |   370 |    36 ||   462
       Punch             |       |     4 |     2 |       ||     6
       Great sword       |       |       |    79 |       ||    79
 Cast: Necrotise         |    41 |    22 |    79 |    21 ||   163
       Vampiric Draining |       |     4 |    22 |     4 ||    30
Evoke: Wand              |       |       |     1 |       ||     1
  Use: Scroll            |     2 |     1 |    15 |       ||    18
 Stab: Sleeping          |     6 |     1 |     5 |       ||    12
       Distracted        |       |       |     1 |     1 ||     2
Armor: Robe              |    16 |    28 |   146 |    16 ||   206
       Skin              |       |       |     7 |       ||     7
Dodge: Dodged            |    59 |    79 |   419 |    30 ||   587

Table legend: (Time is in decaauts)
 A = Elapsed time spent in this place.
 B = Non-inter-level travel time spent in this place.
 C = Inter-level travel time spent in this place.
 D = Time resting spent in this place.
 E = Time spent auto-exploring this place.
 F = Levels seen in this place.
 G = Mean time per level.
                   A        B        C        D        E       F      G
               +--------+--------+--------+--------+--------+-----+--------+
         Total |  10515 |  10026 |    489 |    845 |   6376 |  12 |  876.2 |
       Dungeon |   9516 |   9027 |    489 |    684 |   6051 |   9 | 1057.3 |
        Temple |     76 |     76 |      0 |      0 |      0 |   1 |   76.0 |
         Sewer |    547 |    547 |      0 |      0 |    325 |   1 |  547.0 |
       Ossuary |    375 |    375 |      0 |    161 |      0 |   1 |  375.0 |
               +--------+--------+--------+--------+--------+-----+--------+

Top non-repeatable levels by time:
     D:7: 1450 daAuts
     D:8: 1405 daAuts
     D:3: 1386 daAuts
     D:6: 1316 daAuts
     D:2: 1146 daAuts
     D:1: 975 daAuts
     D:4: 928 daAuts
     D:5: 887 daAuts
   Sewer: 547 daAuts
 Ossuary: 375 daAuts
  Temple: 76 daAuts
     D:9: 21 daAuts
